 Dungeon Crawl Stone Soup version 0.18.1-47-g9310371 (console) character file.

155 Kloppie the Twirler (level 5, 0/46 HPs)
             Began as a Draconian Gladiator on June 14, 2016.
             Slain by a giant gecko (2 damage)
             ... while paralysed by Grinder
             ... on level 3 of the Dungeon.
             The game lasted 00:03:27 (1796 turns).

Kloppie the Twirler (Draconian Gladiator)           Turns: 1796, Time: 00:03:28

Health: 0/46       AC:  5    Str: 18    XL:     5   Next: 14%
Magic:  5/5        EV:  2    Int:  8    God:
Gold:   131        SH:  0    Dex: 12    Spells: 0 memorised, 4 levels left

rFire  . . .     SeeInvis .     a - +0 quarterstaff
rCold  . . .     Gourm    .     (armour unavailable)
rNeg   . . .     Faith    .     (shield currently unavailable)
rPois  .         Spirit   .     b - +0 hat
rElec  .         Dismiss  .     (no cloak)
rCorr  .         Reflect  .     (no gloves)
SustAt .         Harm     .     (no boots)
MR     .....                    (no amulet)
Stlth  +.........               (no ring)
                                (no ring)

@: paralysed, very slightly contaminated, hasted, not resistant to hostile
enchantments, very unstealthy
A: unfitting armour, cold-blooded, AC +5
a: no special abilities


You were on level 3 of the Dungeon.
You were not hungry.

You visited 1 branch of the dungeon, and saw 3 of its levels.

You collected 131 gold pieces.

Inventory:

Hand Weapons
 a - a +0 quarterstaff (weapon)
Missiles
 c - 5 throwing nets (quivered)
Armour
 b - a +0 hat (worn)
Jewellery
 g - a +5 ring of dexterity {unknown}
 i - an uncursed ring of ice {unknown}
 j - an uncursed ring of ice {unknown}
Scrolls
 k - a scroll of immolation {unknown}
 m - a scroll of identify {unknown}
 o - 3 scrolls of recharging {unknown}
 q - a scroll of magic mapping {unknown}
 s - a scroll of amnesia {unknown}
Potions
 e - a potion of heal wounds
 f - a potion of might {unknown}
 l - a potion of berserk rage {unknown}
 p - a potion of cancellation {unknown}
Comestibles
 d - 5 bread rations
 n - 4 chunks of flesh
 r - a meat ration


   Skills:
 + Level 3.7 Fighting
 * Level 4.7 Staves
 - Level 1.7 Throwing
 + Level 3.2 Dodging


You had 4 spell levels left.
You didn't know any spells.

Dungeon Overview and Level Annotations

Branches:
Dungeon (3/15)

Altars:
Dithmenos

Annotations:
D:3 Grinder


Innate Abilities, Weirdness & Mutations

Your plain brown scales are hard (AC +5).
Your body does not fit into most forms of armour.
You are cold-blooded and may be slowed by cold attacks.


Message History

Drink which item? (? for menu, Esc to quit)
You feel yourself speed up. The giant gecko misses you.
Grinder gestures at you.
You suddenly lose the ability to move!
The giant gecko bites you but does no damage.
You are very lightly contaminated with residual magic.
Grinder hits you but does no damage.
The giant gecko bites you but does no damage.
Grinder says, "DUCK!"
Grinder gestures at you.
You shrug off the repeated paralysis!
Grinder gestures at you. Pain shoots through your body!
* * * LOW HITPOINT WARNING * * *
The giant gecko bites you but does no damage.
Grinder gestures at you. Pain shoots through your body!
* * * LOW HITPOINT WARNING * * *
The giant gecko bites you.
You die...

##################.#
## #############.# #
#.............# #
#.############# #
#...# ... ###.####.#
### ##.....####.....
#..........# ##
#.#5@.####.# #.
...#l### # #.
#.#.#g# #. #.###.#
#. #...(.....# ##
#####.....# #!....#
#.....# #.....#


You could see Grinder, a giant gecko and a hobgoblin.

Vanquished Creatures
  An orc priest (D:3)
  A worker ant (D:3)
  3 adders
  3 oozes
  2 worms (D:2)
  2 dart slugs (D:1)
  A giant gecko (D:3)
  2 orcs (D:3)
  4 giant cockroaches
  A hobgoblin (D:2)
  9 bats
  A giant newt (D:2)
  14 goblins
  5 kobolds
  8 rats
57 creatures vanquished.

Notes
Turn   | Place    | Note
--------------------------------------------------------------
     0 | D:1      | Kloppie the Draconian Gladiator began the quest for the Orb.
     0 | D:1      | Reached XP level 1. HP: 17/17 MP: 1/1
    84 | D:1      | Reached XP level 2. HP: 15/25 MP: 2/2
   612 | D:2      | Reached XP level 3. HP: 30/30 MP: 3/3
   634 | D:2      | Found a shadowy altar of Dithmenos.
   790 | D:2      | Reached skill level 4 in Staves
  1242 | D:3      | Reached XP level 4. HP: 34/38 MP: 4/4
  1650 | D:3      | Found a faded altar to an unknown god.
  1688 | D:3      | Reached XP level 5. HP: 40/45 MP: 5/5
  1781 | D:3      | Noticed Grinder
  1781 | D:3      | Paralysed by Grinder for 7 turns
  1793 | D:3      | Paralysed by Grinder for 5 turns
  1796 | D:3      | HP: 2/46 [Grinder/nerve-wracking pain (11)]
  1796 | D:3      | Slain by a giant gecko

Skill      XL: |  1  2  3 |
---------------+----------+-----
Dodging        | 3 |  3.2
Fighting       | 3 |  3.7
Staves         | 4 |  4.7
Throwing       | |  1.7

Action                   |  1- 3 |  4- 6 || total
-------------------------+-------+-------++-------
Melee: Quarterstaff      |    90 |    64 ||   154
       Tailslap          |    11 |     2 ||    13
Throw: Throwing net      |     2 |     1 ||     3
  Use: Potion            |       |     2 ||     2
 Stab: Sleeping          |     3 |       ||     3
       Held in net/web   |     1 |       ||     1
  Eat: Chunk             |     1 |     2 ||     3
Armor: Skin              |    41 |    22 ||    63
Dodge: Dodged            |    82 |    56 ||   138
